 Dungeon Crawl Stone Soup version 0.27-a0-1325-g58a489ad9e (webtiles) character file.

Game seed: 13942941869188590122

24546 dolemite99 the Fighter (level 12, -4/113 HPs)
             Began as a Minotaur Berserker on June 25, 2021.
             Was an Elder of Trog.
             Slain by Rupert (5 damage)
             ... on level 3 of the Lair of Beasts.
             The game lasted 00:23:09 (18357 turns).

dolemite99 the Fighter (Minotaur Berserker)        Turns: 18357, Time: 00:23:10

Health: -4/113     AC: 22    Str: 26    XL:     12   Next: 81%
Magic:  11/11      EV:  7    Int:  4    God:    Trog [****..]
Gold:   948        SH: 12    Dex: 11    Spells: 11/11 levels left

rFire    . . .     SeeInvis +   a - +0 flail
rCold    . . .     Faith    .   c - +1 kite shield
rNeg     . . .     Spirit   .   G - +0 plate armour
rPois    .         Reflect  .   N - +2 hat
rElec    +         Harm     .   (no cloak)
rCorr    .         Rampage  .   S - +0 pair of gloves of Amelioration {Drain rElec Will+}
Will     +++..                  (no boots)
Stlth    ..........             e - amulet of regeneration
HPRegen  2.28/turn              p - +4 ring of protection {=R}
MPRegen  0.12/turn              g - ring of see invisible

@: lethally poisoned (-4 -> -4), strong-willed, on berserk cooldown,
regenerating, slowed, very slow
A: horns 2, retaliatory headbutt
a: Renounce Religion, Berserk, Trog's Hand, Brothers in Arms


You were on level 3 of the Lair of Beasts.
You worshipped Trog.
Trog was greatly pleased with you.
You visited 2 branches of the dungeon, and saw 15 of its levels.

You collected 948 gold pieces.

Inventory:

Hand Weapons
 a - a +0 flail (weapon)
 b - a +4 hunting sling of flaming
 k - a +0 hunting sling
 w - a +1 dire flail of draining
 C - a +0 mace
Missiles
 h - 415 stones
 n - 278 arrows
 u - 17 boomerangs
 U - 9 atropa-tipped darts
 V - 16 sling bullets
Armour
 c - a +1 kite shield (worn)
 o - a +0 pair of gloves
 G - a +0 plate armour (worn)
 N - a +2 hat (worn)
 S - the +0 pair of gloves of Amelioration (worn) {Drain rElec Will+}
   (You found it on level 3 of the Lair of Beasts)

   It insulates you from electricity.
   It drains your maximum health when unequipped.
   It increases your willpower.
Jewellery
 e - an amulet of regeneration (around neck)
 g - a ring of see invisible (right hand)
 l - a ring of ice
 p - a +4 ring of protection (left hand) {=R}
 r - a +4 ring of evasion
 s - a ring of flight
 E - a +4 ring of evasion
 I - an amulet of faith
 L - a ring of resist corrosion
 M - a +6 ring of strength
 O - an amulet of magic regeneration
 Q - an amulet of guardian spirit
Wands
 x - a wand of polymorph (5)
 K - a wand of digging (3)
Scrolls
 f - 4 scrolls of teleportation
 j - 2 scrolls of enchant armour
 J - 2 scrolls of blinking
 P - 2 scrolls of identify {@r1}
 R - a scroll of vulnerability
Potions
 d - 3 potions of degeneration
 i - 6 potions of curing
 m - a potion of magic
 q - a potion of cancellation
 t - 2 potions of brilliance
 v - 4 potions of flight
 z - a potion of heal wounds
 A - a potion of resistance
 B - 3 potions of lignification
 F - 4 potions of ambrosia
 T - 2 potions of attraction {unknown}
Miscellaneous
 y - a condenser vane (inert)
 D - a tin of tremorstones (inert)
 H - a condenser vane (inert)


   Skills:
 + Level 12.9 Fighting
 - Level 12.7 Maces & Flails
 + Level 8.5 Slings
 + Level 10.7 Armour
 - Level 2.1 Dodging
 - Level 8.0 Shields
 - Level 8.0 Evocations


You had 11 spell levels left.
You didn't know any spells.
Your spell library was empty.

Dungeon Overview and Level Annotations

Branches:
Dungeon (12/15)            Temple (0/1) D:7            Lair (3/6) D:10
  Swamp (0/4) Lair:2
  Snake: Lair:2-4    Spider: Lair:2-4       Orc: D:9-12

Altars:
Qazlal
Wu Jian
Yredelemnul
Beogh

Shops:
D:5 (

Annotations:
D:3 3 runed translucent doors, atabob's ghost, amateur GnWn; atabob's ghost, weakling DsAK; bande's ghost, weakling PaFi
Lair:3 Rupert


Innate Abilities, Weirdness & Mutations

You have a pair of horns on your head.
You reflexively headbutt those who attack you in melee.


Message History

You hit Rupert.
Rupert is severely wounded.
You feel very sick. Rupert barely misses you. You furiously retaliate!
You headbutt Rupert.
The water moccasin bites you but does no damage.
The yak gores you. Rupert hits you but does no damage.
You sock Rupert!
Rupert is severely wounded.
You feel sick.
The water moccasin bites you but does no damage.
Rupert hits you but does no damage. You block the yak's attack.
You hit Rupert but do no damage. You headbutt Rupert.
Rupert is severely wounded.
You feel sick. The water moccasin bites you. You block Rupert's attack.
You block the yak's attack.
You barely miss Rupert.
Rupert is severely wounded.
You feel sick.
The water moccasin bites you but does no damage.
Rupert hits you with a +3 great mace of protection!
You block the water moccasin's attack.
You hit Rupert but do no damage. Your headbutt misses Rupert.
Rupert is severely wounded.
You are no longer berserk.
You are exhausted.
You feel as though you will be slow longer.
You feel sick.
Rupert hits you with a +3 great mace of protection!
The yak gores you. You block the water moccasin's attack.
Rupert hits you with a +3 great mace of protection!
You hit Rupert.
Rupert is severely wounded.
You feel sick. The yak closely misses you.
The water moccasin bites you but does no damage.
Rupert hits you with a +3 great mace of protection!!!
* * * LOW HITPOINT WARNING * * *
The water moccasin bites you but does no damage.
The yak gores you but does no damage.
Rupert hits you with a +3 great mace of protection.
You die...

##...............
.. #P..............
.# ###.............
##. #.............
#..# ##............
#.. ####.........
#.### ##PP......
#.Y.# #####..P.
#w@### ##..P.
#@S#.# ###.....
##..### #.#.....
#...#.######.P...##
###...##.#.....#.##
##.........#...##
#..P(#.P..###..#
#.######### #..###
#......#.# #....#


You could see Rupert (berserk), a torpor snail, a yak and a water moccasin.

Vanquished Creatures
  Fannar (Lair:2)
  A hydra (Lair:3)
  A centaur warrior (D:11)
  3 death yaks (D:10)
  2 two-headed ogres
  A deep troll earth mage (D:10)
  A glowing orange brain (shapeshifter) (D:10)
  Pikel (D:4)
  2 cyclopes
  A gargoyle (D:10)
  Joseph (Lair:1)
  5 cane toads
  A kobold demonologist (D:11)
  2 unseen horrors (D:10)
  A rime drake (Lair:3)
  2 komodo dragons
  A troll (D:10)
  6 blink frogs (Lair:1)
  Sigmund (D:2)
  A vampire (D:9)
  2 shadows
  3 wraiths
  3 wyverns
  26 yaks
  2 steam dragons (D:8)
  11 water moccasins
  Duvessa (D:6)
  2 acid dragons
  An ice beast (D:7)
  A sky beast (D:10)
  5 orc warriors
  A black bear (D:7)
  A necrophage (D:6)
  9 centaurs
  2 ogres
  14 wolves
  6 bullfrogs
  A wyvern zombie (D:7)
  3 scorpions
  A water moccasin zombie (D:6)
  Dowan (D:6)
  2 killer bees
  5 wights
  8 electric eels
  7 howler monkeys
  2 jellies
  A centaur zombie (D:9)
  4 orc priests
  A bullfrog zombie (D:6)
  2 hounds
  2 bullfrog skeletons (D:6)
  9 orc wizards
  3 iguanas
  Ijyb (D:5)
  Natasha (twice) (D:4)
  A hell rat (D:10)
  A howler monkey skeleton (D:6)
  A gnoll (D:8)
  5 adders
  A river rat (D:8)
  An ufetubus (D:5)
  2 worms (D:3)
  30 orcs
  7 bats
  5 endoplasms
  5 goblins
  10 hobgoblins
  12 jackals
  2 quokkas
  2 ball pythons
  A kobold (D:3)
  6 rats
272 creatures vanquished.

Vanquished Creatures (others)
  5 fungi
  54 plants
  3 withered plants (D:3)
62 creatures vanquished.

Grand Total: 334 creatures vanquished

Notes
Turn   | Place    | Note
-------+----------+-------------------------------------------
     0 | D:1      | dolemite99 the Minotaur Berserker began the quest for the
                  | Orb.
     0 | D:1      | Reached XP level 1. HP: 19/19 MP: 0/0
   140 | D:1      | Reached XP level 2. HP: 25/26 MP: 1/1
   245 | D:1      | Found a faded altar of an unknown god.
   631 | D:2      | Noticed Sigmund
   654 | D:1      | Reached skill level 5 in Maces & Flails
  1159 | D:2      | Reached ** piety under Trog
  1163 | D:2      | Reached XP level 3. HP: 28/31 MP: 2/2
  1675 | D:3      | Reached XP level 4. HP: 39/39 MP: 3/3
  1827 | D:2      | Found a basalt altar of Yredelemnul.
  1854 | D:2      | Killed Sigmund
  1855 | D:2      | Reached XP level 5. HP: 45/45 MP: 4/4
  2830 | D:3      | Found a runed translucent gate.
  2830 | D:3      | Found a runed translucent gate.
  2830 | D:3      | Found a runed translucent gate.
  2831 | D:3      | Noticed atabob's ghost (amateur GnWn)
  2832 | D:3      | Noticed bande's ghost (weakling PaFi)
  2832 | D:3      | Noticed atabob's ghost (weakling DsAK)
  2923 | D:4      | Noticed a lemure
  2923 | D:4      | Noticed a lemure
  2924 | D:4      | Noticed Pikel
  2925 | D:4      | Noticed a lemure
  2926 | D:4      | Noticed a lemure
  2940 | D:4      | Killed Pikel
  2941 | D:4      | Reached skill level 5 in Slings
  2941 | D:4      | Reached XP level 6. HP: 51/51 MP: 5/5
  2941 | D:4      | Reached XP level 7. HP: 57/57 MP: 6/6
  3265 | D:4      | Noticed Natasha
  3272 | D:4      | Killed Natasha
  3833 | D:4      | Noticed Natasha
  3836 | D:4      | Killed Natasha
  4249 | D:5      | Entered Level 5 of the Dungeon
  4357 | D:5      | Noticed Ijyb
  4368 | D:5      | Killed Ijyb
  4392 | D:5      | Found Gatut's Antique Weapon Shop.
  4534 | D:5      | Reached skill level 5 in Fighting
  4534 | D:5      | Reached XP level 8. HP: 68/68 MP: 7/7
  5779 | D:6      | You fall into a shaft and drop 3 floors!
  6040 | D:8      | Reached skill level 5 in Armour
  6519 | D:7      | Found a staircase to the Ecumenical Temple.
  6589 | D:7      | Reached XP level 9. HP: 65/79 MP: 8/8
  7044 | D:6      | Noticed Duvessa
  7044 | D:6      | Noticed Dowan
  7055 | D:6      | Killed Duvessa
  7057 | D:6      | Killed Dowan
  7061 | D:6      | Reached *** piety under Trog
  7941 | D:6      | Reached skill level 1 in Shields
  9367 | D:9      | Reached skill level 10 in Maces & Flails
  9849 | D:9      | Found a stormy altar of Qazlal.
  9873 | D:9      | Reached XP level 10. HP: 63/88 MP: 9/9
  9880 | D:9      | Noticed a two-headed ogre
  9900 | D:9      | Killed a two-headed ogre
 10366 | D:9      | Reached skill level 10 in Fighting
 11063 | D:10     | Entered Level 10 of the Dungeon
 11189 | D:10     | Noticed a death yak
 11202 | D:10     | Noticed a death yak
 11203 | D:10     | Noticed a death yak
 11937 | D:10     | Reached XP level 11. HP: 76/102 MP: 10/10
 12148 | D:10     | Reached **** piety under Trog
 12321 | D:10     | Found a staircase to the Lair.
 12363 | D:10     | Killed a death yak
 12364 | D:10     | Reached skill level 5 in Shields
 12379 | D:10     | Killed a death yak
 12393 | D:10     | Killed a death yak
 12612 | D:10     | Identified the +9 executioner's axe of Extinguishment
                  | {freeze, rCorr Str+4 Dex+3}
 12612 | D:10     | Identified the +3 chain mail of Deipauheenk {rElec Str+9
                  | Int-3 SInv}
 12799 | D:10     | Noticed a deep troll earth mage
 12839 | D:10     | Killed a deep troll earth mage
 13294 | D:10     | Noticed a death drake
 13295 | D:10     | a death drake changed into a snapping turtle
 13306 | D:10     | Noticed a glowing orange brain
 13306 | D:10     | a snapping turtle changed into a glowing orange brain
 13316 | D:10     | Killed a glowing orange brain
 13333 | D:10     | Noticed a two-headed ogre
 13347 | D:10     | Killed a two-headed ogre
 13610 | D:11     | Found a gate leading to a gauntlet.
 14042 | D:11     | Noticed a centaur warrior
 14067 | D:11     | Killed a centaur warrior
 14068 | D:11     | Reached skill level 5 in Evocations
 14077 | D:11     | Reached XP level 12. HP: 106/112 MP: 11/11
 14113 | D:11     | Identified the +4 morningstar "Xuuzion" {vorpal, Fly rC-
                  | rCorr}
 14381 | Lair:1   | Entered Level 1 of the Lair of Beasts
 14860 | Lair:1   | Noticed Joseph
 14866 | Lair:1   | Killed Joseph
 16269 | Lair:2   | Found an ornate altar of the Wu Jian Council.
 16538 | Lair:2   | Noticed Fannar
 16573 | Lair:2   | Killed Fannar
 16637 | Lair:2   | Found a staircase to the Swamp.
 16694 | Lair:2   | You fall into a shaft and drop 1 floor!
 16785 | Lair:3   | Reached skill level 10 in Armour
 16912 | Lair:3   | Noticed an eight-headed hydra
 16925 | Lair:3   | Killed an eight-headed hydra
 17220 | Lair:3   | Identified the +0 pair of gloves of Amelioration {Drain
                  | rElec Will+}
 18323 | Lair:3   | Noticed Rupert
 18357 | Lair:3   | HP: 1/113 [Rupert (41)]
 18357 | Lair:3   | Slain by Rupert

Illustrated notes

Levels and vault maps discovered:
D:1:      dpeg_arrival_line_fractal, layout_loops_ring, basic_ecumenical_altar,
          chequers_serial_rivers_micro_a
D:2:      layout_rooms, basic_altar, serial_aquarium,
          aquarium_bridge_island_small [aquarium_subvault_small_water,
          aquarium_subvault_wall, aquarium_subvault_bridge,
          aquarium_subvault_wall, aquarium_subvault_bridge], aquarium_window_1,
          aquarium_window_corridor_2, aquarium_window_1, aquarium_window_fake,
          aquarium_view_2c, aquarium_balcony_5b, aquarium_pool_side,
          st_stairs_10, amcnicky_mini_rare_corridor_liquid, uniq_sigmund
D:3:      layout_loops_ring, gammafunk_ghost_cemetery, grunt_ministairs_11,
          kennysheep_generic_room_9
D:4:      layout_layer_cave, guppyfry_early_orc_mine, uniq_pikel, uniq_natasha
D:5:      layout_basic, serial_shops, nicolae_shop_overgrown_old_shop, uniq_ijyb
D:6:      layout_basic, patterned_corridor, uniq_duvessa
D:7:      layout_cave_pools, minmay_temple_entry_mini_moons,
          uniq_crazy_yiuf_cottage
D:8:      layout_gridville, serial_bayou, serial_bayou_lake_a,
          serial_bayou_shore_a, serial_bayou_pond_b, serial_bayou_pond_d,
          special_room [special_room_orc], minivault_21
D:9:      minmay_spotlight, layout_basic, grunt_qazlal_sundering
D:10:     wad_lake_hut, layout_loops_ring, dpeg_lair_monsters,
          minmay_the_grid_2x2 [minmay_the_grid_minigrid_large,
          minmay_the_grid_x, minmay_the_grid_outer_diamond,
          minmay_the_grid_prize_diamond_cup]
D:11:     layout_loops_ring, gauntlet_entry_generic
D:12:     layout_stronghold, orc_david_3, gammafunk_ghost_icy, uniq_frances
Lair:1:   layout_layer_cave, fungi_pond_lemuel,
          eino_small_chamber_without_monster, minmay_holes, uniq_joseph
Lair:2:   layout_regular_city, swamp_mist, basic_altar, uniq_fannar
Lair:3:   layout_cave_pods, lemuel_fruit_fields, lemuel_fruit_tree, uniq_rupert

Skill      XL: |  1  2  3  4  5  6  7  8  9 10 11 12 |
---------------+-------------------------------------+-----
Maces & Flails | 4 5 6 8 10 11 12 | 12.7
Slings         | 5 7 8 |  8.5
Fighting       | 5 7 11 12 | 12.9
Armour         | 7 9 10 | 10.7
Shields        | 4 8 |  8.0
Evocations     | 5 8 |  8.0
Dodging        | |  2.1

Action                   |  1- 3 |  4- 6 |  7- 9 | 10-12 || total
-------------------------+-------+-------+-------+-------++-------
Melee: Mace              |    75 |    49 |   125 |       ||   249
       Headbutt          |     8 |     7 |    41 |   158 ||   214
       Flail             |       |       |    82 |   512 ||   594
 Fire: Hunting sling     |       |    21 |   231 |   369 ||   621
Invok: Berserk           |     4 |     2 |     5 |     4 ||    15
       Trog's Hand       |     1 |     2 |     8 |    14 ||    25
Evoke: Wand              |       |       |    10 |     2 ||    12
       Tin of tremorston |       |       |       |     2 ||     2
       Condenser vane    |       |       |       |     1 ||     1
  Use: Potion            |       |       |     1 |     4 ||     5
       Scroll            |       |       |     6 |    15 ||    21
 Stab: Paralysed         |       |       |     2 |       ||     2
Armor: Chain mail        |    61 |    28 |   171 |       ||   260
       Plate armour      |       |       |    34 |   345 ||   379
Dodge: Dodged            |    36 |    10 |    98 |   174 ||   318
Block: Kite shield       |    48 |    29 |   133 |   421 ||   631

Table legend: (Time is in decaauts)
 A = Elapsed time spent in this place.
 B = Non-inter-level travel time spent in this place.
 C = Inter-level travel time spent in this place.
 D = Time resting spent in this place.
 E = Time spent auto-exploring this place.
 F = Levels seen in this place.
 G = Mean time per level.
                   A        B        C        D        E       F      G
               +--------+--------+--------+--------+--------+-----+--------+
         Total |  18619 |  17978 |    641 |   5344 |   9207 |  15 | 1241.3 |
       Dungeon |  14685 |  14104 |    581 |   4662 |   6781 |  12 | 1223.8 |
          Lair |   3934 |   3874 |     60 |    682 |   2425 |   3 | 1311.3 |
               +--------+--------+--------+--------+--------+-----+--------+

Top non-repeatable levels by time:
    D:10: 2548 daAuts
     D:9: 1866 daAuts
  Lair:1: 1828 daAuts
     D:8: 1828 daAuts
     D:3: 1519 daAuts
     D:5: 1326 daAuts
     D:6: 1297 daAuts
  Lair:3: 1164 daAuts
     D:1: 1163 daAuts
     D:4: 1061 daAuts
  Lair:2: 940 daAuts
    D:11: 767 daAuts
     D:2: 619 daAuts
     D:7: 616 daAuts
    D:12: 70 daAuts
